 Dungeon Sprint DCSS version 0.31-a0-18-gea43df2a32 (webtiles) character file.

Game seed: 8784867090735549788

3355 sircluck the Brawler (level 9, -2/102 HPs)
             Began as a Troll Berserker on May 11, 2023.
             Was a Priest of Trog.
             Slain by a manticore (12 damage)
             ... summoned by Kirke
             ... in the Dungeon (Sprint II: "The Violet Keep of Menkaure").
             The game lasted 00:03:26 (482 turns).

sircluck the Brawler (Troll Berserker)               Turns: 482, Time: 00:03:26

Health: -2/102     AC:  0    Str: 30    XL:     9   Next: 73%
Magic:  8/8        EV: 17    Int:  7    God:    Trog [***...]
Gold:   745        SH:  0    Dex:  8    Spells: 8/8 levels left

rFire   . .          .
                       - Unarmed
rCold   . . .        (shield currently unavailable)
rNeg    . . .        a - melded +0 animal skin
rPois   .            (helmet currently unavailable)
rElec   .            (cloak currently unavailable)
rCorr   .            (gloves unavailable)
SInv    .            (boots unavailable)
Will    .....        (no amulet)
Stlth   +            (ring currently unavailable)
HPRegen 1.17/turn    (ring currently unavailable)
MPRegen 0.11/turn

%: no teleportation
@: pig-form, on berserk cooldown, slowed
A: fast, no casting, small, unfitting armour, (claws 3), regeneration 1, (shaggy
fur 1), (tough skin 1), clever 1, (cold vulnerability 1)
a: Renounce Religion, Berserk, Trog's Hand


You were in the Dungeon.
You worshipped Trog.
Trog was most pleased with you.
You were a filthy swine.
You visited 1 branch You collected 972 gold pieces.
You spent 227 gold pieces at shops.

Inventory:

Armour
 a - a +0 animal skin (melded)
Jewellery
 h - a ring of flight
Scrolls
 g - a scroll of blinking
Potions
 b - a potion of curing
 d - a potion of haste
 e - 2 potions of magic
 f - a potion of berserk rage


   Skills:
 + Level 10.5 Fighting
 + Level 10.8 Dodging
 + Level 0.3 Stealth
 + Level 15.1 Unarmed Combat


You had 8 spell levels left.
You didn't know any spells.
Your spell library was empty.

Dungeon Overview and Level Annotations

Branches:
Dungeon (1/1)

Altars:

Shops:
D :*=[!(![:[!((?=

Annotations:
D exclusion: oklob plant, Kirke


Innate Abilities, Weirdness & Mutations

You are a filthy swine.
You move quickly.
Your equipment is almost entirely melded.
You are incapable of wielding weapons or throwing items.
You cannot cast spells.
You are too large for most types of armour.
((You have claws for hands.))
Your natural rate of healing is unusually fast.
((You are covered in fur. (AC +1)))
((You have tough skin. (AC +1)))
Your mind is acute. (Int +4, Str/Dex -1)
((You are vulnerable to cold. (rC-)))


Message History

Your hog's corpse disappears in a puff of smoke!
Your ogre goes berserk!
You can no longer call in reinforcements.
You closely miss Kirke.
Kirke is moderately wounded.
Your ogre hits Kirke with a +0 giant spiked club!!!
Kirke gestures wildly while chanting.
Kirke summons a sphinx!
The manticore bites your ogre. The manticore claws your ogre. x2
You hear an angry squeal.
You barely miss Kirke.
Kirke is severely wounded.
Your ogre barely misses the manticore.
Kirke hits you! The manticore bites your ogre!! The manticore claws your ogre.
The manticore claws your ogre!
Your ogre dies!
Your ogre's corpse disappears in a puff of smoke!
A sphinx breaks down the door.
Kirke hits you!
* * * LOW HITPOINT WARNING * * *
Okay, then.
You barely miss Kirke.
Kirke is severely wounded.
Kirke casts a spell at you.
You feel a momentary urge to oink. The manticore misses you.
The manticore claws you.
* * * LOW HITPOINT WARNING * * *
The manticore barely misses you.
You barely miss Kirke.
Kirke is severely wounded.
Kirke closely misses you. The manticore misses you.
The manticore closely misses you. The manticore claws you!
* * * LOW HITPOINT WARNING * * *
Unknown command.
Unknown command.
You closely miss Kirke.
Kirke is severely wounded.
Kirke hits you.
* * * LOW HITPOINT WARNING * * *
The manticore bites you!
You die...

#≈§≈°§≈≈§≈## # §SS§§≈§≈§≈≈#
.@####§≈≈≈S§§≈≈ Kc.~## ≈SS°§
############~c#+++#+++##
###########~~~.........#
##....∩...#~~~~.##'##..#
##...∩.∩..#~~~~####.##.####
##..∩.∩...#~~~~#h@##)#....#
##.⌠.∩....#~~####HH.####..##
##..∩.∩...#~##.###'###.##..#
##...∩.∩..#~##..##.##.#.#..#
##....∩.∩.'~+.##†.<.†###+..###
##.....∩.∩#~##..##.##.#.#§.§.###.
#▓▓▓▓▓▓▓###~##.###'###.##..§...~~
##!HH######~~####.#.####~~..§..~#
#)hH#Z. ##~~~#..#..#~~~~~~~..~#


You could see Kirke, a sphinx (summoned) and a manticore (summoned).

Vanquished Creatures
  A yaktaur captain (D)
  2 boulder beetles (D)
  A kobold demonologist (D)
  A blink frog (D)
  2 wyverns (D)
  4 neqoxecs (D)
  Menkaure (D)
  4 scorpions (D)
16 creatures vanquished.

Vanquished Creatures (others)
  A water moccasin (D)
1 creature vanquished.

Grand Total: 17 creatures vanquished

Notes
Turn   | Place    | Note
-------+----------+-------------------------------------------
     0 | D        | sircluck the Troll Berserker began the quest for the Orb.
     0 | D        | Reached XP level 1. HP: 22/22 MP: 0/0
     1 | D        | Noticed a neqoxec
     1 | D        | Noticed a neqoxec
     1 | D        | Noticed a neqoxec
     1 | D        | Noticed a neqoxec
     1 | D        | Lost intelligence.
     8 | D        | Killed a neqoxec
     9 | D        | Reached skill level 5 in Fighting
     9 | D        | Reached skill level 5 in Dodging
     9 | D        | Reached skill level 6 in Unarmed Combat
     9 | D        | Reached XP level 2. HP: 35/35 MP: 1/1
     9 | D        | Reached XP level 3. HP: 42/42 MP: 2/2
     9 | D        | Reached XP level 4. HP: 50/50 MP: 3/3
    12 | D        | Killed a neqoxec
    13 | D        | Reached skill level 8 in Unarmed Combat
    13 | D        | Reached XP level 5. HP: 59/59 MP: 4/4
    15 | D        | Killed a neqoxec
    15 | D        | Reached ** piety under Trog
    15 | D        | Gained mutation: Your mind is acute. (Int +4, Str/Dex -1)
                  | [a neqoxec]
    16 | D        | Reached skill level 9 in Unarmed Combat
    16 | D        | Reached XP level 6. HP: 71/71 MP: 5/5
    17 | D        | Gained mutation: You are vulnerable to cold. (rC-) [a
                  | neqoxec]
    23 | D        | Killed a neqoxec
    48 | D        | Noticed a wyvern
    48 | D        | Noticed a wyvern
    54 | D        | Killed a wyvern
    55 | D        | Reached skill level 10 in Unarmed Combat
    55 | D        | Reached XP level 7. HP: 29/79 MP: 6/6
    57 | D        | Killed a wyvern
    57 | D        | Reached *** piety under Trog
   123 | D        | Reached skill level 11 in Unarmed Combat
   133 | D        | Reached **** piety under Trog
   134 | D        | Reached XP level 8. HP: 81/89 MP: 7/7
   138 | D        | Noticed a boulder beetle
   138 | D        | Noticed a boulder beetle
   193 | D        | Killed a boulder beetle
   194 | D        | Reached skill level 12 in Unarmed Combat
   200 | D        | Killed a boulder beetle
   201 | D        | Reached skill level 10 in Dodging
   201 | D        | Reached skill level 13 in Unarmed Combat
   201 | D        | Reached XP level 9. HP: 98/101 MP: 8/8
   253 | D        | Noticed an ice statue
   314 | D        | Found Bydekeab's Jewellery Shop.
   316 | D        | Found Tukh's Magic Scroll Boutique.
   318 | D        | Found Ujovvom's Antique Weapon Boutique.
   318 | D        | Found Kius's Antique Weapon Shop.
   320 | D        | Found Canu's Antique Armour Shop.
   320 | D        | Found Nodghus's Book Boutique.
   321 | D        | Found Cuipriud's Antique Weapon Boutique.
   321 | D        | Found Weqibekk's Distillery.
   322 | D        | Found Wawk's Antique Armour Shop.
   323 | D        | Found Pogur's Jewellery Shop.
   323 | D        | Found Unuith's Assorted Antiques.
   335 | D        | Found Fucahuysh's Distillery.
   335 | D        | Found Ciofy's Antique Armour Boutique.
   336 | D        | Found Tijaih's Distillery.
   338 | D        | Noticed Menkaure
   338 | D        | Noticed a manticore
   342 | D        | Killed Menkaure
   343 | D        | Reached skill level 10 in Fighting
   343 | D        | Reached skill level 14 in Unarmed Combat
   392 | D        | Noticed a manticore
   392 | D        | Noticed a manticore
   392 | D        | Noticed an oklob plant
   393 | D        | Found Kelo's Book Shoppe.
   394 | D        | Noticed a polar bear
   394 | D        | Noticed a polar bear
   419 | D        | Bought a ring of flight for 227 gold pieces
   434 | D        | Noticed a centaur warrior
   434 | D        | Noticed Kirke
   434 | D        | Noticed a yaktaur captain
   435 | D        | Noticed a kobold demonologist
   451 | D        | Killed a yaktaur captain
   451 | D        | Reached ***** piety under Trog
   453 | D        | Killed a kobold demonologist
   454 | D        | Reached skill level 15 in Unarmed Combat
   466 | D        | HP: 3/153 [Kirke (11)]
   469 | D        | Noticed a manticore
   479 | D        | Noticed a sphinx
   482 | D        | Slain by a manticore

Illustrated notes

Levels and vault maps discovered:
D:        the_violet_keep_of_menkaure [sprint2_stairs_cluster_1,
          sprint2_shoproom, sprint2_temple, sprint2_basic_supplies,
          sprint2_obstacle_2, sprint2_obstacle_3, sprint2_obstacle_5,
          sprint2_obstacle_1, sprint2_obstacle_7, sprint2_timed_cluster_1,
          sprint2_smallroom_cluster_1, sprint2_smallroom_final_cluster_1,
          sprint2_transparent_cluster_1, sprint2_second_timed_cluster_1,
          sprint2_sniper_area_1, sprint2_heavy_combat_area_1,
          sprint2_mutation_trap_area_1, sprint2_forest_area_1,
          sprint2_light_combat_area_1, sprint2_behind_water_1,
          sprint2_near_end_vault_1]

Skill      XL: |  1  2  3  4  5  6  7  8  9 |
---------------+----------------------------+-----
Fighting       | 5 6 7 8 9 10 | 10.5
Dodging        | 5 6 7 8 10 | 10.8
Unarmed Combat | 6 8 9 10 11 13 15 | 15.1
Stealth        | |  0.3

Action                     |  1- 3 |  4- 6 |  7- 9 || total
---------------------------+-------+-------+-------++-------
  Melee: Unarmed           |     4 |    20 |    49 ||    73
         Punch             |       |     1 |     5 ||     6
 Invoke: Berserk           |     1 |       |     2 ||     3
         Brothers in Arms  |       |       |     2 ||     2
    Use: Potion            |       |       |     1 ||     1
 Armour: Animal skin       |     2 |     1 |     1 ||     4
  Dodge: Dodged            |     1 |     7 |    16 ||    24

Table legend: (Time is in decaauts)
 A = Elapsed time spent in this place.
 B = Non-inter-level travel time spent in this place.
 C = Inter-level travel time spent in this place.
 D = Time resting spent in this place.
 E = Time spent auto-exploring this place.
 F = Levels seen in this place.
 G = Mean time per level.
                   A        B        C        D        E       F      G
               +--------+--------+--------+--------+--------+-----+--------+
         Total |    492 |    449 |     43 |    199 |     24 |   1 |  492.0 |
       Dungeon |    492 |    449 |     43 |    199 |     24 |   1 |  492.0 |
               +--------+--------+--------+--------+--------+-----+--------+

Top non-repeatable levels by time:
       D: 492 daAuts
